Workbook
Name \0: [1]CRA.MODI!#REF!
Name \a: [2]Insumos!#REF!
Name \a: [2]Insumos!#REF!
Name \a: [2]Insumos!#REF!
Name \b: [3]INSUMOS!#REF!
Name \b: [3]INSUMOS!#REF!
Name \b: [3]INSUMOS!#REF!
Name \c: #REF!
Name \e: #REF!
Name \i: [3]INSUMOS!#REF!
Name \i: [3]INSUMOS!#REF!
Name \i: [3]INSUMOS!#REF!
Name \m: [3]INSUMOS!#REF!
Name \m: [3]INSUMOS!#REF!
Name \m: [3]INSUMOS!#REF!
Name \r: [3]INSUMOS!#REF!
Name \r: [3]INSUMOS!#REF!
Name \r: [3]INSUMOS!#REF!
Name \sa: #REF!
Name \t: [3]INSUMOS!#REF!
Name \t: [3]INSUMOS!#REF!
Name \t: [3]INSUMOS!#REF!
Name \x: [3]INSUMOS!#REF!
Name \x: [3]INSUMOS!#REF!
Name \x: [3]INSUMOS!#REF!
Name \z: #REF!
Name _: #REF!
Name _________________________________apu1: [3]INSUMOS!#REF!
Name _________________________________apu1: [3]INSUMOS!#REF!
Name _________________________________apu1: [3]INSUMOS!#REF!
Name ________________________________apu1: [3]INSUMOS!#REF!
Name ________________________________apu1: [3]INSUMOS!#REF!
Name ________________________________apu1: [3]INSUMOS!#REF!
Name _______________________________apu1: [3]INSUMOS!#REF!
Name _______________________________apu1: [3]INSUMOS!#REF!
Name _______________________________apu1: [3]INSUMOS!#REF!
Name ______________________________apu1: [3]INSUMOS!#REF!
Name ______________________________apu1: [3]INSUMOS!#REF!
Name ______________________________apu1: [3]INSUMOS!#REF!
Name ____________________________apu1: [3]INSUMOS!#REF!
Name ____________________________apu1: [3]INSUMOS!#REF!
Name ____________________________apu1: [3]INSUMOS!#REF!
Name ___________________________apu1: [3]INSUMOS!#REF!
Name ___________________________apu1: [3]INSUMOS!#REF!
Name ___________________________apu1: [3]INSUMOS!#REF!
Name __________________________apu1: [3]INSUMOS!#REF!
Name __________________________apu1: [3]INSUMOS!#REF!
Name __________________________apu1: [3]INSUMOS!#REF!
Name _________________________apu1: [3]INSUMOS!#REF!
Name _________________________apu1: [3]INSUMOS!#REF!
Name _________________________apu1: [3]INSUMOS!#REF!
Name ________________________apu1: [3]INSUMOS!#REF!
Name ________________________apu1: [3]INSUMOS!#REF!
Name ________________________apu1: [3]INSUMOS!#REF!
Name _______________________apu1: [3]INSUMOS!#REF!
Name _______________________apu1: [3]INSUMOS!#REF!
Name _______________________apu1: [3]INSUMOS!#REF!
Name _____________________apu1: [3]INSUMOS!#REF!
Name _____________________apu1: [3]INSUMOS!#REF!
Name _____________________apu1: [3]INSUMOS!#REF!

Sheet BASICO
A1: REPUBLICA DE COLOMBIA
A2: DEPARTAMENTO DEL PUTUMAYO
A3: MUNICIPIO DE SAN MIGUEL
A5: APU-BASICO
A7: =+Presupuesto!#REF! -> #REF!
A9: ACTIVIDAD:
B10: Concreto MR 21 Mpa | G10: Unidad: | H10: m3
A12: I | B12: EQUIPO
B13: DESCRIPCIÓN | D13: Tipo | E13: Tarifa/Día | F13: Rend | G13: V. Unitario.
B14: Herremienta menor | F14: 0.1 | G14: =H34*F14 -> 5130.9
E20: SUBTOTAL. | H20: =ROUND(SUM(G14:G19),0) -> 5131
A21: II | B21: MATERIALES EN OBRA.
B22: DESCRIPCIÓN | D22: Unidad | E22: Cant. | F22: Precio Unit. | G22: V. Unitario.
B23: Cemento gris | D23: kg | E23: 420 | F23: 650 | G23: =+F23*E23 -> 273000
B24: Arena | D24: m3 | E24: 0.67 | F24: 60000 | G24: =+F24*E24 -> 40200
B25: Triturado | D25: m3 | E25: 0.67 | F25: 70000 | G25: =--E25*F25 -> 46900
B26: Agua | D26: lt | E26: 210 | F26: 50 | G26: =--E26*F26 -> 10500
E28: SUBTOTAL | H28: =(SUM(G23:G26)) -> 370600
A29: III | B29: MANO DE OBRA.
A30: CAN | B30: DESCRIPCIÓN | C30: Jornal | D30: Prestac | E30: Jornal Total | F30: Rend. | G30: V. Unitario.
A31: 6 | B31: Ayudante | C31: 30000 | D31: 0.75 | E31: =+(A31*C31)+(A31*C31*D31) -> 315000 | F31: 7.5035876 | G31: =(E31)/(F31) -> 41979.919
A32: 1 | B32: Oficial | C32: 40000 | D32: 0.75 | E32: =(A32*C32)+(D32*C32*A32) -> 70000 | F32: =--F31 -> 7.5035876 | G32: =E32/F32 -> 9328.871
E34: SUBTOTAL | H34: =ROUND(SUM(G31)+(G32),0) -> 51309
A35: IV | B35: TRANSPORTE
B36: DESCRIPCIÓN | C36: Unidad | D36: Cantidad | E36: Prec.Unitario | G36: Vr. Unitario
E40: SUBTOTAL | H40: =ROUND(SUM(G37)+(G38),0) -> 0
D42: TOTAL COSTOS DIRECTOS. | H42: =SUM(H20:H41) -> 427040
A44: V | B44: COSTOS INDIRECTOS.
B45: DESCRIPCIÓN | C45: % | D45: COSTO DIRECTO | F45: V. UNITARIO
B46: ADMINISTRACIÓN | C46: 0.23 | G46: =+H42*C46 -> 98219.2
B47: IMPREVISTOS | C47: 0.04 | G47: =+H42*C47 -> 17081.6
B48: UTILIDAD | C48: 0.03 | G48: =+H42*C48 -> 12811.2
D49: TOTAL COSTOS INDIRECTOS | H49: =SUM(G45:G48) -> 128112
D51: TOTAL PRECIO UNITARIO. | H51: =H42+H49 -> 555152
A56: =+Presupuesto!#REF! -> #REF! | D56: =+Presupuesto!#REF! -> #REF!
A57: =+Presupuesto!#REF! -> #REF! | D57: =+Presupuesto!#REF! -> #REF!
A58: =APU!#REF! -> #REF! | D58: =+Presupuesto!#REF! -> #REF!

Sheet Presupuesto
C1: SECRETARIA DE PLANEACIÓN Y OBRAS PÚBLICAS | D1: CODIGO | F1: 103
D2: SERIE Y SUBSERIE | F2: 51
C3: NIT. 800252922-2
C4: Modelo Integrado de Planeación y Gestión | D4: VERSIÓN | F4: 1
C5: PRESUPUESTO | D5: FECHA DEL FORMATO | F5: D/M/A
F6: 44216
A8: ADECUACIÓN Y MANTENIMIENTO DE LA RAMPA DE ACCESO SOBRE LA VÍA QUE CONECTA EL PUENTE VEHICULAR UBICADO EN LA VEREDA JORDAN ORTIZ DEL MUNICIPIO DE SAN MIGUEL PUTUMAYO
A11: PRESUPUESTO GENERAL
A13: ITEM | B13: DESCRIPCION | D13: UNIDAD | E13: CANTIDAD | F13: VR/UNITARIO | G13: VR/TOTAL
A14: 1 | B14: MOVIMIENTO DE TIERRAS Y EXVACACIONES
A15: 1.1 | B15: LOCALIZACION Y REPLANTEO | D15: M2 | E15: ='MEMORIA DE CANTIDADES DE OBRA '!I21 -> 83.2 | F15: =APU!H42 -> 3116.66 | G15: =ROUND(E15*F15,2) -> 259306.11
A16: 1.2 | B16: EXCAVACIONES VARIAS EN MATERIAL COMUN EN SECO A MANO | D16: M3 | E16: ='MEMORIA DE CANTIDADES DE OBRA '!I32 -> 49.92 | F16: =APU!H99 -> 26308.34 | G16: =ROUND(E16*F16,2) -> 1313312.3
A17: 1.3 | B17: RELLENOS PARA ESTRUCTURAS, CON MATERIAL SELECCIONADO PRODUCTO DE LA EXCAVACION | D17: M3 | E17: ='MEMORIA DE CANTIDADES DE OBRA '!I42 -> 24.96 | F17: =APU!H156 -> 87866 | G17: =ROUND(E17*F17,2) -> 2193135.4
B18: subtotal | G18: =ROUND((SUM(G15:G17)),2) -> 3765753.8
A19: 2 | B19: CONCRETOS Y ACEROS
A20: 2.1 | B20: SUMINISTRO, INSTALACION Y COMPACTACION DE MATERIAL TIPO BASE. | D20: M3 | E20: ='MEMORIA DE CANTIDADES DE OBRA '!I53 -> 29.12 | F20: =APU!H213 -> 156488.93 | G20: =ROUND(E20*F20,2) -> 4556957.6
A21: 2.2 | B21: SUMINISTRO E INSTALACION DE CONCRETO DE 3.000 PSI PARA ESTRUCTURAS DE PLACA HUELLA (INCLUYE JUNTAS DE EXPANSION, SELLADO Y CURADO) | D21: M3 | E21: ='MEMORIA DE CANTIDADES DE OBRA '!I62 -> 16.7 | F21: =APU!H276 -> 1244892.6 | G21: =ROUND(E21*F21,2) -> 20789706
A22: 2.3 | B22: ACERO DE REFUERZO PARA CUNETAS Y BORDILLOS. | D22: Kg | E22: ='MEMORIA DE CANTIDADES DE OBRA '!I74 -> 79.81 | F22: =APU!H331 -> 12773.16 | G22: =ROUND(E22*F22,2) -> 1019425.9
B23: subtotal | G23: =ROUND((SUM(G20:G22)),2) -> 26366090
A25: TOTAL COSTO DIRECTO OBRA | G25: =G18+G23 -> 30131844
A26: ADMINISTRACION | F26: 0.27 | G26: =ROUND((G25*F26),2) -> 8135597.8 | I26: valor maximo de la minima cuantia
A27: IMPREVISTOS | F27: 0.02 | G27: =ROUND((G25*F27),2) -> 602636.88 | I27: 39858000
A28: UTILIDAD | F28: 0.03 | G28: =ROUND((G25*F28),2) -> 903955.31
A29: TOTAL A.I.U | G29: =SUM(G26:G28) -> 9642190
A30: COSTO TOTAL OBRA | G30: =G25+G29 -> 39774034 | H30: dife | I30: =I27-G30 -> 83966.23
B36: ING EDISON FIGUEROA ORTIZ | E36: ARQ. GUILLERMO YAMID VALLEJOS BENAVIDES
B37: APOYO PROFESIONAL SPOPM | E37: SECRETARIO DE PLANEACION Y OBRAS PUBLICAS
B38: MP 54202-356581 NTS | E38: SAN MIGUEL - PUTUMAYO

Sheet MEMORIA DE CANTIDADES DE OBRA 
B1: SECRETARIA DE PLANEACIÓN Y OBRAS PÚBLICAS | C1: CODIGO | E1: 103
C2: SERIE Y SUBSERIE | E2: 51
B3: NIT. 800252922-2
B4: Modelo Integrado de Planeación y Gestión | C4: VERSIÓN | E4: 1
B5: PRESUPUESTO | C5: FECHA DEL FORMATO | E5: D/M/A
E6: 44216
A8: =Presupuesto!A8 -> ADECUACIÓN Y MANTENIMIENTO DE LA RAMPA DE ACCESO SOBRE LA VÍA QUE CONECTA EL PUENTE VEHICULAR UBICADO EN LA VEREDA JORDAN ORTIZ DEL MUNICIPIO DE SAN MIGUEL PUTUMAYO
A11: MEMORIA DE CANTIDADES
A13: =Presupuesto!B14 -> MOVIMIENTO DE TIERRAS Y EXVACACIONES
A15: ITEM: 1.1
A16: =Presupuesto!B15 -> LOCALIZACION Y REPLANTEO | I16: =Presupuesto!D15 -> M2
A17: Observación | B17: Direccion | C17: Cant | D17: Largo | E17: Ancho | F17: Alto | G17: Área | H17: AREA | I17: Total
B19: localizacion y replanteo rampa de acceso | C19: 1 | D19: 16 | E19: 5.2 | H19: =C19*D19*E19 -> 83.2 | I19: =H19 -> 83.2
A21: total | I21: =ROUND((SUM(I18:I20)),2) -> 83.2
A24: ITEM: 1.2
A25: =Presupuesto!B16 -> EXCAVACIONES VARIAS EN MATERIAL COMUN EN SECO A MANO | I25: =Presupuesto!D16 -> M3
A26: Observación | B26: Direccion | C26: Cant | D26: Largo | E26: Ancho | F26: Alto | G26: Área | H26: Volumen | I26: Total
B28: Excavacion de material superficial para mejoramiento con subbase y base | C28: 1 | D28: =D19 -> 16 | E28: =E19 -> 5.2 | F28: 0.6 | H28: =C28*D28*E28*F28 -> 49.92 | I28: =H28 -> 49.92
A32: total | I32: =ROUND((SUM(I27:I31)),2) -> 49.92
A34: ITEM: 1.3
A35: =Presupuesto!B17 -> RELLENOS PARA ESTRUCTURAS, CON MATERIAL SELECCIONADO PRODUCTO DE LA EXCAVACION | I35: =Presupuesto!D17 -> M3
A36: Observación | B36: Direccion | C36: Cant | D36: Largo | E36: Ancho | F36: Alto | G36: Área | H36: Volumen | I36: Total
B38: relleno sobre la rampa | C38: 1 | D38: =D28 -> 16 | E38: =E28 -> 5.2 | F38: 0.3 | H38: =C38*D38*E38*F38 -> 24.96 | I38: =H38 -> 24.96
A42: total | I42: =ROUND((SUM(I37:I41)),2) -> 24.96
A45: =Presupuesto!B19 -> CONCRETOS Y ACEROS
A47: ITEM: 2,1 | I47: =Presupuesto!D20 -> M3
A48: =Presupuesto!B20 -> SUMINISTRO, INSTALACION Y COMPACTACION DE MATERIAL TIPO BASE. | B48: Direccion | C48: Cant | D48: Largo | E48: Ancho | F48: PROF | G48: Área | H48: Volumen | I48: Total
A49: Observación
B50: Material de base | C50: 1 | D50: =D19 -> 16 | E50: =E19 -> 5.2 | F50: 0.35 | H50: =C50*D50*E50*F50 -> 29.12 | I50: =H50 -> 29.12
A53: total | I53: =ROUND((SUM(I49:I52)),2) -> 29.12
A55: ITEM: 2,2 | I55: =Presupuesto!D21 -> M3
A56: =Presupuesto!B21 -> SUMINISTRO E INSTALACION DE CONCRETO DE 3.000 PSI PARA ESTRUCTURAS DE PLACA HUELLA (INCLUYE JUNTAS DE EXPANSION, SELLADO Y CURADO) | B56: Direccion | C56: Cant | D56: Largo | E56: Ancho | F56: ESP | G56: Área | H56: Volumen | I56: Total
A57: Observación
B58: concreto para placa rampa | C58: 1 | D58: =D19 -> 16 | E58: 3.6 | F58: 0.18 | H58: =C58*D58*E58*F58 -> 10.368 | I58: =H58 -> 10.368
B59: concreto cunetas icluye bordillado | C59: 2 | D59: =D19 -> 16 | E59: =0.7+0.4 -> 1.1 | F59: 0.18 | H59: =C59*D59*E59*F59 -> 6.336 | I59: =H59 -> 6.336
A62: total | I62: =ROUND((SUM(I57:I61)),2) -> 16.7
A64: ITEM: 2,3 | I64: =Presupuesto!D22 -> Kg
A65: =Presupuesto!B22 -> ACERO DE REFUERZO PARA CUNETAS Y BORDILLOS. | B65: Direccion | C65: Cant | D65: Largo | E65: Ancho | F65: KG/M | G65: PESO | H65: Volumen | I65: Total
A66: Observación
B68: acero de cuneta longitudianles | C68: 3 | D68: =D19 -> 16 | F68: 0.58 | G68: =C68*D68*F68 -> 27.84 | I68: =G68 -> 27.84
B69: acero de cuneta transversales | C69: =D68/0.25 -> 64 | D69: 0.5 | F69: 0.58 | G69: =C69*D69*F69 -> 18.56 | I69: =G69 -> 18.56
B70: acero de bordillo longitudianles | C70: 2 | D70: =D19 -> 16 | F70: 0.58 | G70: =C70*D70*F70 -> 18.56 | I70: =G70 -> 18.56
B71: acero de bordillo transversales | C71: =D70/0.25 -> 64 | D71: 0.4 | F71: 0.58 | G71: =C71*D71*F71 -> 14.848 | I71: =G71 -> 14.848
A74: total | I74: =ROUND((SUM(I66:I73)),2) -> 79.81
A79: =Presupuesto!B36 -> ING EDISON FIGUEROA ORTIZ | E79: =Presupuesto!E36 -> ARQ. GUILLERMO YAMID VALLEJOS BENAVIDES
A80: =Presupuesto!B37 -> APOYO PROFESIONAL SPOPM | E80: =Presupuesto!E37 -> SECRETARIO DE PLANEACION Y OBRAS PUBLICAS
A81: =Presupuesto!B38 -> MP 54202-356581 NTS | E81: =Presupuesto!E38 -> SAN MIGUEL - PUTUMAYO

Sheet APU
C1: SECRETARIA DE PLANEACIÓN Y OBRAS PÚBLICAS | D1: CODIGO | F1: 103
D2: SERIE Y SUBSERIE | F2: 51
C3: NIT. 800252922-2
C4: Modelo Integrado de Planeación y Gestión | D4: VERSIÓN | F4: 1
C5: PRESUPUESTO | D5: FECHA DEL FORMATO | F5: D/M/A
F6: 44216
A8: =Presupuesto!A8 -> ADECUACIÓN Y MANTENIMIENTO DE LA RAMPA DE ACCESO SOBRE LA VÍA QUE CONECTA EL PUENTE VEHICULAR UBICADO EN LA VEREDA JORDAN ORTIZ DEL MUNICIPIO DE SAN MIGUEL PUTUMAYO
A11: ANALISIS DE PRECIOS UNITARIOS
A13: =Presupuesto!A15 -> 1.1 | B13: =Presupuesto!B15 -> LOCALIZACION Y REPLANTEO | G13: Unidad: | H13: =Presupuesto!D15 -> M2
A15: I | B15: EQUIPO
B16: DESCRIPCIÓN | D16: Tipo | E16: Tarifa/Día | F16: Rend | G16: V. Unitario.
B17: Herremienta menor | F17: 0.1 | G17: =ROUND((H34*F17),2) -> 283.33
E20: SUBTOTAL. | H20: =SUM(G17:G19) -> 283.33
A21: II | B21: MATERIALES EN OBRA.
B22: DESCRIPCIÓN | D22: Unidad | E22: Cant. | F22: Precio Unit. | G22: V. Unitario.
G23: =ROUND((E23*F23),0) -> 0
G24: =ROUND((E24*F24),0) -> 0
G25: =ROUND((E25*F25),0) -> 0
E28: SUBTOTAL | H28: =(SUM(G23:G25)) -> 0
A29: III | B29: MANO DE OBRA.
A30: CAN | B30: DESCRIPCIÓN | C30: Jornal | D30: Prestac | E30: Jornal Total | F30: Rend | G30: V. Unitario.
A31: 1 | B31: OBREROS | C31: 60000 | D31: 0.75 | E31: =+(A31*C31)+(A31*C31*D31) -> 105000 | F31: 105 | G31: =ROUND((E31)/(F31),2) -> 1000
A32: 1 | B32: OFICIAL | C32: 110000 | D32: 0.75 | E32: =+(A32*C32)+(A32*C32*D32) -> 192500 | F32: 105 | G32: =ROUND((E32)/(F32),2) -> 1833.33
E34: SUBTOTAL | H34: =SUM(G31)+(G32) -> 2833.33
A35: IV | B35: TRANSPORTE
B36: DESCRIPCIÓN | C36: Unidad | D36: Cantidad | E36: Prec.Unitario | G36: Vr. Unitario
E40: SUBTOTAL | H40: =ROUND(SUM(G37)+(G38),0) -> 0
D42: TOTAL COSTOS DIRECTOS. | H42: =ROUND((SUM(H20:H41)),2) -> 3116.66
A44: V | B44: COSTOS INDIRECTOS.
B45: DESCRIPCIÓN | C45: % | D45: COSTO DIRECTO | F45: V. UNITARIO
B46: ADMINISTRACIÓN | C46: 0.27 | G46: =ROUND((H42*C46),2) -> 841.5
B47: IMPREVISTOS | C47: 0.02 | G47: =ROUND((H42*C47),2) -> 62.33
B48: UTILIDAD | C48: 0.03 | G48: =ROUND((H42*C48),2) -> 93.5
D49: TOTAL COSTOS INDIRECTOS | H49: =SUM(G45:G48) -> 997.33
D51: TOTAL PRECIO UNITARIO. | H51: =H42+H49 -> 4113.99
A54: ING EDISON FIGUEROA ORTIZ | E54: =Presupuesto!E36 -> ARQ. GUILLERMO YAMID VALLEJOS BENAVIDES
A55: APOYO PROFESIONAL SPOPM | E55: =Presupuesto!E37 -> SECRETARIO DE PLANEACION Y OBRAS PUBLICAS
A56: MP 54202-356581 NTS | E56: =Presupuesto!E38 -> SAN MIGUEL - PUTUMAYO
C58: SECRETARIA DE PLANEACIÓN Y OBRAS PÚBLICAS | D58: CODIGO | F58: 103
D59: SERIE Y SUBSERIE | F59: 51
C60: NIT. 800252922-2
C61: Modelo Integrado de Planeación y Gestión | D61: VERSIÓN | F61: 1
C62: PRESUPUESTO | D62: FECHA DEL FORMATO | F62: D/M/A
F63: 44216
A65: =Presupuesto!A8 -> ADECUACIÓN Y MANTENIMIENTO DE LA RAMPA DE ACCESO SOBRE LA VÍA QUE CONECTA EL PUENTE VEHICULAR UBICADO EN LA VEREDA JORDAN ORTIZ DEL MUNICIPIO DE SAN MIGUEL PUTUMAYO
A68: ANALISIS DE PRECIOS UNITARIOS
A70: =Presupuesto!A16 -> 1.2 | B70: =Presupuesto!B16 -> EXCAVACIONES VARIAS EN MATERIAL COMUN EN SECO A MANO | G70: Unidad: | H70: ='MEMORIA DE CANTIDADES DE OBRA '!I25 -> M3
A72: I | B72: EQUIPO
B73: DESCRIPCIÓN | D73: Tipo | E73: Tarifa/Día | F73: Rend | G73: V. Unitario.
B74: Herremienta menor | F74: 0.1 | G74: =ROUND((H91*F74),2) -> 2391.67
E77: SUBTOTAL. | H77: =SUM(G74:G76) -> 2391.67
A78: II | B78: MATERIALES EN OBRA.
B79: DESCRIPCIÓN | D79: Unidad | E79: Cant. | F79: Precio Unit. | G79: V. Unitario.
G80: =ROUND((E80*F80),0) -> 0
G81: =ROUND((E81*F81),0) -> 0
G82: =ROUND((E82*F82),0) -> 0
E85: SUBTOTAL | H85: =(SUM(G80:G82)) -> 0
A86: III | B86: MANO DE OBRA.
A87: CAN | B87: DESCRIPCIÓN | C87: Jornal | D87: Prestac | E87: Jornal Total | F87: Rend | G87: V. Unitario.
A88: 5 | B88: OBREROS | C88: 60000 | D88: 0.75 | E88: =+(A88*C88)+(A88*C88*D88) -> 525000 | F88: 30 | G88: =ROUND((E88)/(F88),2) -> 17500
A89: 1 | B89: OFICIAL | C89: 110000 | D89: 0.75 | E89: =+(A89*C89)+(A89*C89*D89) -> 192500 | F89: 30 | G89: =ROUND((E89)/(F89),2) -> 6416.67
E91: SUBTOTAL | H91: =SUM(G88)+(G89) -> 23916.67
A92: IV | B92: TRANSPORTE
B93: DESCRIPCIÓN | C93: Unidad | D93: Cantidad | E93: Prec.Unitario | G93: Vr. Unitario
E97: SUBTOTAL | H97: =ROUND(SUM(G94)+(G95),0) -> 0
D99: TOTAL COSTOS DIRECTOS. | H99: =ROUND((SUM(H77:H98)),2) -> 26308.34
A101: V | B101: COSTOS INDIRECTOS.
B102: DESCRIPCIÓN | C102: % | D102: COSTO DIRECTO | F102: V. UNITARIO
B103: ADMINISTRACIÓN | C103: 0.27 | G103: =ROUND((H99*C103),2) -> 7103.25
B104: IMPREVISTOS | C104: 0.02 | G104: =ROUND((H99*C104),2) -> 526.17
B105: UTILIDAD | C105: 0.03 | G105: =ROUND((H99*C105),2) -> 789.25
D106: TOTAL COSTOS INDIRECTOS | H106: =SUM(G102:G105) -> 8418.67
D108: TOTAL PRECIO UNITARIO. | H108: =H99+H106 -> 34727.01
A111: ING EDISON FIGUEROA ORTIZ | E111: =Presupuesto!E36 -> ARQ. GUILLERMO YAMID VALLEJOS BENAVIDES
A112: APOYO PROFESIONAL SPOPM | E112: =Presupuesto!E37 -> SECRETARIO DE PLANEACION Y OBRAS PUBLICAS
A113: MP 54202-356581 NTS | E113: =Presupuesto!E38 -> SAN MIGUEL - PUTUMAYO
C115: SECRETARIA DE PLANEACIÓN Y OBRAS PÚBLICAS | D115: CODIGO | F115: 103
D116: SERIE Y SUBSERIE | F116: 51
C117: NIT. 800252922-2
C118: Modelo Integrado de Planeación y Gestión | D118: VERSIÓN | F118: 1
C119: PRESUPUESTO | D119: FECHA DEL FORMATO | F119: D/M/A
F120: 44216
A122: =Presupuesto!A8 -> ADECUACIÓN Y MANTENIMIENTO DE LA RAMPA DE ACCESO SOBRE LA VÍA QUE CONECTA EL PUENTE VEHICULAR UBICADO EN LA VEREDA JORDAN ORTIZ DEL MUNICIPIO DE SAN MIGUEL PUTUMAYO
A125: ANALISIS DE PRECIOS UNITARIOS
A127: =Presupuesto!A17 -> 1.3 | B127: =Presupuesto!B17 -> RELLENOS PARA ESTRUCTURAS, CON MATERIAL SELECCIONADO PRODUCTO DE LA EXCAVACION | G127: Unidad: | H127: =Presupuesto!D17 -> M3
A129: I | B129: EQUIPO
B130: DESCRIPCIÓN | D130: Tipo | E130: Tarifa/Día | F130: Rend | G130: V. Unitario.
B131: Herremienta menor | F131: 0.1 | G131: =ROUND((H148*F131),2) -> 1150
B132: SALTARIAN PESO 70KG_IMPACTO 12KN | D132: HR | E132: 0.5 | F132: 20000 | G132: =E132*F132 -> 10000
E134: SUBTOTAL. | H134: =SUM(G131:G133) -> 11150
A135: II | B135: MATERIALES EN OBRA.
B136: DESCRIPCIÓN | D136: Unidad | E136: Cant. | F136: Precio Unit. | G136: V. Unitario.
B137: agua | D137: lt | E137: 1.2 | F137: 180 | G137: =ROUND((E137*F137),2) -> 216
B138: Material seleccionado para relleno (recebo) puesto en sitio | D138: M3 | E138: 1.3 | F138: =300000/6 -> 50000 | G138: =ROUND((E138*F138),2) -> 65000
G139: =ROUND((E139*F139),2) -> 0
G140: =ROUND((E140*F140),2) -> 0
G141: =ROUND((E141*F141),2) -> 0
E142: SUBTOTAL | H142: =(SUM(G137:G141)) -> 65216
A143: III | B143: MANO DE OBRA.
A144: CAN | B144: DESCRIPCIÓN | C144: Jornal | D144: Prestac | E144: Jornal Total | F144: Rend | G144: V. Unitario.
...

Sheet CRONOGRAMA
A2: CRONOGRAMA DE ACTIVIDADES | G2: SEMANA 1 | H2: SEMANA 2
A3: REHABILITACIÓN DEL SISTEMA DE ALCANTARILLADO SANITARIO Y PLUVIAL - CALLE 5, CARRERA 3, CALLE 4, CALLE 3, CARRERA 2, CARRERA 5 , CARRERA 1ª CARRERA 6- EN EL CORREGIMIENTO DE PUERTO COLÓN MUNICIPIO DE SAN MIGUEL DEPARTAMENTO DEL PUTUMAYO
A5: ITEM | B5: DESCRIPCION | C5: UNIDAD | D5: CANTIDAD | E5: VR/UNITARIO | F5: VR/TOTAL
A6: 1 | B6: PRELIMINARES
A7: 1.1 | B7: Localizacion y replanteo | C7: m2 | D7: =+Presupuesto!#REF! -> #REF! | E7: =+Presupuesto!#REF! -> #REF! | F7: =ROUND((D7*E7),0) -> #REF! | G7: =+F7 -> #REF!
B8: SUBTOTAL | F8: =+F7 -> #REF!
A9: 2 | B9: ESTRUCTURA SANITARIA Y DE PAVIMENTO | J9: 2.55
A10: 2.1 | B10: Excavacion manual | C10: m3 | D10: =+Presupuesto!#REF! -> #REF! | E10: =+Presupuesto!#REF! -> #REF! | F10: =ROUND((D10*E10),0) -> #REF! | G10: =+F10 -> #REF! | J10: 5
A11: 2.2 | B11: Retiro tuberia existente en mal estado | C11: ml | D11: =+Presupuesto!#REF! -> #REF! | E11: =+Presupuesto!#REF! -> #REF! | F11: =ROUND((D11*E11),0) -> #REF! | G11: =+F11 -> #REF! | J11: 2.4
A12: 2.3 | B12: Retiro de material de excavacion y demolicion | C12: m3 | D12: =+Presupuesto!#REF! -> #REF! | E12: =+Presupuesto!#REF! -> #REF! | F12: =ROUND((D12*E12),0) -> #REF! | G12: =+F12 -> #REF! | J12: 1.8
A13: 2.4 | B13: Relleno con material grudo de rio | C13: m3 | D13: =+Presupuesto!#REF! -> #REF! | E13: =+Presupuesto!#REF! -> #REF! | F13: =ROUND((D13*E13),0) -> #REF! | G13: =+F13 -> #REF! | J13: 3.4
A14: 2.5 | B14: Instalacion de tuberia 8" (incluye encamado en arena) | C14: ml | D14: =+Presupuesto!#REF! -> #REF! | E14: =+Presupuesto!#REF! -> #REF! | F14: =ROUND((D14*E14),0) -> #REF! | G14: =+F14 -> #REF! | J14: 2
A15: 2.6 | B15: Kit silla Yee 6" a 8" | C15: und | D15: =+Presupuesto!#REF! -> #REF! | E15: =+Presupuesto!#REF! -> #REF! | F15: =ROUND((D15*E15),0) -> #REF! | G15: =+F15 -> #REF! | J15: 6.6
A16: 2.7 | B16: Relleno con material de excavación seleccionado, compactado | C16: m3 | D16: =+Presupuesto!#REF! -> #REF! | E16: =+Presupuesto!#REF! -> #REF! | F16: =ROUND((D16*E16),0) -> #REF! | H16: =+F16 -> #REF! | J16: 1.2
A17: 2.8 | B17: Subbase compactada con material de selección | C17: m3 | D17: =+Presupuesto!#REF! -> #REF! | E17: =+Presupuesto!#REF! -> #REF! | F17: =ROUND((D17*E17),0) -> #REF! | H17: =+F17 -> #REF! | J17: 2.4
A18: 2.9 | B18: Placa en concreto rigido de 3.8 MPA, e=20 cm incluye juntas de expansion y sellado | C18: m2 | D18: =+Presupuesto!#REF! -> #REF! | E18: =+Presupuesto!#REF! -> #REF! | F18: =ROUND((D18*E18),0) -> #REF! | H18: =+F18 -> #REF! | J18: 6
A19: =+Presupuesto!#REF! -> #REF! | B19: Suministro y aplicación de curador tipo antisol para concreto rigido | C19: m2 | D19: =+Presupuesto!#REF! -> #REF! | E19: =+Presupuesto!#REF! -> #REF! | F19: =ROUND((D19*E19),0) -> #REF! | H19: =+F19 -> #REF!
B20: SUBTOTAL | F20: =+F10+F11+F12+F13+F14+F15+F16+F17+F18+F19 -> #REF!
A21: 3 | B21: ALCANTARILLADO PLUVIAL
A22: 3.1 | B22: Limpieza y sondeo de tuberia 8 y 10" | C22: ml | D22: =+Presupuesto!#REF! -> #REF! | E22: =+Presupuesto!#REF! -> #REF! | F22: =ROUND((D22*E22),0) -> #REF! | H22: =+F22 -> #REF!
A23: 3.2 | B23: Limpieza de camras de inspeción | C23: und | D23: =+'Memoria de Cantidades'!J48 -> 34 | E23: =+Presupuesto!#REF! -> #REF! | F23: =ROUND((D23*E23),0) -> #REF! | H23: =+F23 -> #REF!
A24: 3.3 | B24: Limpieza de sumideros y cajillas (inclulle tuberia sumideros a tubo principal) | C24: und | D24: =+'Memoria de Cantidades'!J50 -> 11 | E24: =+Presupuesto!#REF! -> #REF! | F24: =ROUND((D24*E24),0) -> #REF! | H24: =+F24 -> #REF!
B25: SUBTOTAL | F25: =+F22+F23+F24 -> #REF! | G25: =SUM(G7:G24) -> #REF! | H25: =SUM(H16:H24) -> #REF!
B26: TOTAL COSTO DIRECTO OBRA | F26: =+F8+F20+F25 -> #REF!
B29: =+'Memoria de Cantidades'!B52 -> ALABORÓ: | F29: =+'Memoria de Cantidades'!E52 -> Vo.Bo.
B34: =+'Memoria de Cantidades'!B56 -> #REF! | F34: =+'Memoria de Cantidades'!E56 -> #REF!
B35: =+'Memoria de Cantidades'!B57 -> #REF! | F35: =+'Memoria de Cantidades'!E57 -> #REF!
B36: =+'Memoria de Cantidades'!B58 -> #REF! | F36: =+'Memoria de Cantidades'!E58 -> #REF!

Sheet Memoria de Cantidades
A1: REPUBLICA DE COLOMBIA
A2: DEPARTAMENTO DEL PUTUMAYO
A3: MUNICIPIO DE SAN MIGUEL
A5: MEMORIA DE CANTIDADES
A6: =+Presupuesto!#REF! -> #REF!
A7: ITEM | B7: Descripción | C7: Und | D7: L (m) | E7: A (m) | F7: H(m) | G7: Área(m2) | H7: Volumen(m3) | I7: Kg | J7: Unidad | K7: Cantidad
A8: 1 | B8: PRELIMINARES
A9: 1.1 | B9: Localización y replanteo | C9: m2 | K9: =+G10 -> 3.5
B10: Sector la Vega calle 3 entre crr 2 y 3 | D10: 7 | E10: 0.5 | G10: =--D10*E10 -> 3.5
A11: 1.2 | B11: Demolicion placa existente | C11: m2 | K11: =+G12 -> 1
B12: =B10 -> Sector la Vega calle 3 entre crr 2 y 3 | D12: 2.5 | E12: 0.4 | G12: =--E12*D12 -> 1
A13: 2 | B13: ESTRUCTURA SANITARIA Y DE PAVIMENTO
A14: 2.1 | B14: Excavacion manual | C14: m3 | K14: =SUM(H15:H15) -> 2.55
B15: =B12 -> Sector la Vega calle 3 entre crr 2 y 3 | D15: 3.4 | E15: 0.5 | F15: 1.5 | H15: =+D15*E15*F15 -> 2.55
A16: 2.2 | B16: Retiro tuberia existente en mal estado | C16: ml | K16: =--D17 -> 2.5
B17: =B15 -> Sector la Vega calle 3 entre crr 2 y 3 | D17: 2.5
A18: 2.3 | B18: Retiro de material de excavacion y demolicion | C18: m3 | K18: =--H19 -> 1.7
B19: =B17 -> Sector la Vega calle 3 entre crr 2 y 3 | D19: 2.5 | E19: 1.7 | F19: 0.4 | H19: =+D19*E19*F19 -> 1.7
A20: 2.4 | B20: Relleno con material crudo de rio | C20: m3 | K20: =--H21 -> 0.375
B21: =B19 -> Sector la Vega calle 3 entre crr 2 y 3 | D21: =+D19 -> 2.5 | E21: 0.5 | F21: 0.3 | H21: =+D21*E21*F21 -> 0.375
A22: 2.5 | B22: Instalacion de tuberia 6" (incluye encamado en arena) | C22: ml | K22: =D23 -> 3.4
B23: =B21 -> Sector la Vega calle 3 entre crr 2 y 3 | D23: 3.4
A24: 2.6 | B24: Kit silla tee 6" a 12" | C24: und | K24: =--J25 -> 1
B25: =B23 -> Sector la Vega calle 3 entre crr 2 y 3 | J25: 1
A26: 2.7 | B26: Relleno con material de sitio seleccionado, compactado | C26: m3 | K26: =SUM(H27:H27) -> 1.625
B27: =B25 -> Sector la Vega calle 3 entre crr 2 y 3 | D27: 2.5 | E27: 0.5 | F27: 1.3 | H27: =+D27*E27*F27 -> 1.625
A28: 2.8 | B28: Subbase compactada con material de selección | C28: m3 | K28: =SUM(H29:H29) -> 0.5
B29: =B27 -> Sector la Vega calle 3 entre crr 2 y 3 | D29: 2.5 | E29: 1 | F29: 0.2 | H29: =--D29*E29*F29 -> 0.5
A30: 2.9 | B30: Placa en concreto rigido de 21 MPA, e=20 cm incluye juntas de expansion y sellado | C30: m2 | K30: =--G31 -> 0.88
B31: =B29 -> Sector la Vega calle 3 entre crr 2 y 3 | D31: 2.2 | E31: 0.4 | G31: =--D31*E31 -> 0.88
A32: 2.1 | B32: Suministro y aplicación de curador tipo antisol para concreto rigido | C32: m2 | K32: =--G33 -> 3
B33: =B31 -> Sector la Vega calle 3 entre crr 2 y 3 | D33: 3 | E33: 1 | G33: =--D33*E33 -> 3
A34: 3 | B34: ALCANTARILLADO SANITARIO Y PLUVIAL
A35: 4.1 | B35: =+Presupuesto!#REF! -> #REF! | C35: ml | K35: =SUM(K36:K46) -> 2328
B36: Carrera 3 sector de la entrada hasta estación de policia. | D36: =39.92+79.82+74.24+103.26+60.09+66.59+18.82+27 -> 469.74 | K36: =+D36 -> 469.74
B37: Calle 5 entre crr 5 a crr 3. | D37: =34.26+85.26+80.22+90.32+14.17 -> 304.23 | K37: =+D37 -> 304.23
B38: Carrera 3 entre calles 5 y 3. | D38: =21.71+11.22+12.57+47.95+38.64+14.74 -> 146.83 | K38: =+D38 -> 146.83
B39: Calle 3 entre crr 2 y crr 3 | D39: =42.91+56.52+56.63 -> 156.06 | K39: =+D39 -> 156.06
B40: Carrera 2 al descole del aserradero | D40: 180 | K40: =+D40 -> 180
B41: carrera 2 | D41: =40.24+23.31+79.03 -> 142.58 | K41: =+D41 -> 142.58
B42: Calle 4 | D42: =17.24+56.92+86.34+144+203 -> 507.5 | K42: =+D42 -> 507.5
B43: Calle 3 entre crr 2 y crr 3 | D43: =3*5 -> 15 | K43: =+D43 -> 15
B44: Calle 3 entre crr 2 y crr 3 pluvial | D44: =42.91+56.52+56.63 -> 156.06 | K44: =+D44 -> 156.06
B45: Carrera 2 al descole del aserradero pluvial | D45: 180 | K45: =+D45 -> 180
B46: Carrera 2, 3 - calle 3 y 4 tuberia sumideros | D46: =(10*1)+(10*6) -> 70 | K46: =+D46 -> 70
A47: 4.2 | B47: =+Presupuesto!#REF! -> #REF! | C47: Und | K47: =+K48 -> 34
B48: Carreras 2,3 Y 4, Calles 3, 4 Y 5 | J48: 34 | K48: =+J48 -> 34
A49: 4.3 | B49: =+Presupuesto!#REF! -> #REF! | C49: Und | K49: =+K50 -> 11
B50: Carrera 3 - calle 3 y calle 4 sumideros | J50: 11 | K50: =+J50 -> 11
B52: ALABORÓ: | E52: Vo.Bo.
B56: =+Presupuesto!#REF! -> #REF! | E56: =+Presupuesto!#REF! -> #REF!
B57: =+Presupuesto!#REF! -> #REF! | E57: =+Presupuesto!#REF! -> #REF!
B58: =+Presupuesto!#REF! -> #REF! | E58: =+Presupuesto!#REF! -> #REF!

Sheet F.M 
D1: SECRETARIA DE PLANEACIÓN Y OBRAS PÚBLICAS | E1: CODIGO | F1: 103
E2: SERIE Y SUBSERIE | F2: 51
D3: NIT. 800252922-2
D4: Modelo Integrado de Planeación y Gestión | E4: VERSIÓN | F4: 1
D5: PRESUPUESTO | E5: FECHA DEL FORMATO | F5: D/M/A
F6: 44216
B8: =Presupuesto!A8 -> ADECUACIÓN Y MANTENIMIENTO DE LA RAMPA DE ACCESO SOBRE LA VÍA QUE CONECTA EL PUENTE VEHICULAR UBICADO EN LA VEREDA JORDAN ORTIZ DEL MUNICIPIO DE SAN MIGUEL PUTUMAYO
B11: FACTOR PRESTACIONAL PARA PERSONAL PROFESIONAL, ADMINISTRATIVO Y TECNICO | G11: %
B12: A. | D12: VALOR BASE (Sueldo) | G12: 100
B13: B. | D13: PRESTACIONES SOCIALES | G13: =SUM(G14:G29) -> 75.432
C14: a. | D14: Cesantías | F14: (A/12) | G14: 8.33
C15: b. | D15: Intereses sobre cesantía | F15: (a*12%) | G15: 1
C16: c. | D16: Prima anual | F16: (A/12) | G16: 8.33
C17: d. | D17: Caja de Compensación | F17: % A | G17: 4
C18: e. | D18: SENA | F18: % A | G18: 2
C19: f. | D19: ICBF | F19: % A | G19: 3
C20: g. | D20: Sistema de seguridad social : Salud | F20: % A | G20: 8.5
C21: h. | D21: Sistema de seguridad social : Pensiòn | F21: % A | G21: 12
C22: i. | D22: ARP personal en obra | F22: % A | G22: 6.96
C23: j. | D23: ARP personal en oficina | F23: % A | G23: 0.522
C24: k. | D24: Vacaciones | F24: (15/360*100) | G24: 4.17
C25: l. | D25: Ausencias justificadas | F25: (3/360*100) | G25: 0.83
... C29: p | D29: Bonoficación rereación | F29: % A | G29: 2
B30: C. | D30: SUMA (A + B) | G30: =G12+G13 -> 175.432
B32: E. | D32: FACTOR PRESTACIONAL | G32: =G30 -> 175.432
D33: FACTOR PRESTACIONAL FINAL | G33: =ROUND(G32/100,2) -> 1.75
B37: =Presupuesto!B36 -> ING EDISON FIGUEROA ORTIZ | E37: =Presupuesto!E36 -> ARQ. GUILLERMO YAMID VALLEJOS BENAVIDES
B38: =Presupuesto!B37 -> APOYO PROFESIONAL SPOPM | E38: =Presupuesto!E37 -> SECRETARIO DE PLANEACION Y OBRAS PUBLICAS
B39: =Presupuesto!B38 -> MP 54202-356581 NTS | E39: =Presupuesto!E38 -> SAN MIGUEL - PUTUMAYO

Sheet CRONOGRAMA--
C1: SECRETARIA DE PLANEACIÓN Y OBRAS PÚBLICAS | G1: CODIGO | I1: 103
G2: SERIE Y SUBSERIE | I2: 51
C3: NIT. 800252922-2
C4: Modelo Integrado de Planeación y Gestión | G4: VERSIÓN | I4: 1
C5: PRESUPUESTO | G5: FECHA DEL FORMATO | I5: D/M/A
I6: 44216
A8: =Presupuesto!A8 -> ADECUACIÓN Y MANTENIMIENTO DE LA RAMPA DE ACCESO SOBRE LA VÍA QUE CONECTA EL PUENTE VEHICULAR UBICADO EN LA VEREDA JORDAN ORTIZ DEL MUNICIPIO DE SAN MIGUEL PUTUMAYO
A11: CRONOGRAMA Y/O FLUJO DE INVERSION
I12: SEMANA 1 | J12: SEMANA 2 | K12: SEMANA 3 | L12: SEMANA 4
A13: ITEM | B13: DESCRIPCION | D13: UNIDAD | E13: CANTIDAD | F13: V/UNITARIO | G13: V/TOTAL | H13: %
A14: 1 | B14: =Presupuesto!B16 -> EXCAVACIONES VARIAS EN MATERIAL COMUN EN SECO A MANO
A15: =Presupuesto!A15 -> 1.1 | B15: =Presupuesto!B15 -> LOCALIZACION Y REPLANTEO | D15: =Presupuesto!D15 -> M2 | E15: =Presupuesto!$E$15 -> 83.2 | F15: =Presupuesto!F15 -> 3116.66 | G15: =ROUND(E15*F15,2) -> 259306.11 | H15: =G15/G31 -> 0.0065194823 | I15: =$G$15/3 -> 86435.37 | J15: =$G$15/3 -> 86435.37 | K15: =$G$15/3 -> 86435.37
A16: =Presupuesto!A16 -> 1.2 | B16: =Presupuesto!B16 -> EXCAVACIONES VARIAS EN MATERIAL COMUN EN SECO A MANO | D16: =Presupuesto!D16 -> M3 | E16: =Presupuesto!$E$16 -> 49.92 | F16: =Presupuesto!F16 -> 26308.34 | G16: =ROUND(E16*F16,2) -> 1313312.3 | H16: =G16/G31 -> 0.03301934 | I16: =G16 -> 1313312.3
A17: =Presupuesto!A17 -> 1.3 | B17: =Presupuesto!B17 -> RELLENOS PARA ESTRUCTURAS, CON MATERIAL SELECCIONADO PRODUCTO DE LA EXCAVACION | D17: =Presupuesto!D17 -> M3 | E17: =Presupuesto!$E$17 -> 24.96 | F17: =Presupuesto!F17 -> 87866 | G17: =ROUND(E17*F17,2) -> 2193135.4 | H17: =G17/G31 -> 0.055139878 | I17: =G17 -> 2193135.4
B19: =Presupuesto!B19 -> CONCRETOS Y ACEROS
A20: =Presupuesto!A20 -> 2.1 | B20: =Presupuesto!B20 -> SUMINISTRO, INSTALACION Y COMPACTACION DE MATERIAL TIPO BASE. | D20: =Presupuesto!D20 -> M3 | E20: =Presupuesto!$E$20 -> 29.12 | F20: =Presupuesto!F20 -> 156488.93 | G20: =ROUND(E20*F20,2) -> 4556957.6 | H20: =G20/G31 -> 0.11457117 | I20: =G20/2 -> 2278478.8 | J20: =G20/2 -> 2278478.8
A21: =Presupuesto!A21 -> 2.2 | B21: =Presupuesto!B21 -> SUMINISTRO E INSTALACION DE CONCRETO DE 3.000 PSI PARA ESTRUCTURAS DE PLACA HUELLA (INCLUYE JUNTAS DE EXPANSION, SELLADO Y CURADO) | D21: =Presupuesto!D21 -> M3 | E21: =Presupuesto!$E$21 -> 16.7 | F21: =Presupuesto!F21 -> 1244892.6 | G21: =ROUND(E21*F21,2) -> 20789706 | H21: =G21/G31 -> 0.52269545 | J21: =G21/2 -> 10394853 | K21: =$G$21/2 -> 10394853
A22: =Presupuesto!A22 -> 2.3 | B22: =Presupuesto!B22 -> ACERO DE REFUERZO PARA CUNETAS Y BORDILLOS. | D22: =Presupuesto!D22 -> Kg | E22: =Presupuesto!$E$22 -> 79.81 | F22: =Presupuesto!F22 -> 12773.16 | G22: =ROUND(E22*F22,2) -> 1019425.9 | H22: =G22/G31 -> 0.025630438 | J22: =G22 -> 1019425.9
A26: TOTAL COSTO DIRECTO OBRA | G26: =SUM(G15:G24) -> 30131844 | H26: =SUM(H15:H25) -> 0.75757576 | I26: =SUM(I15:I25) -> 5871361.9 | J26: =SUM(J15:J25) -> 13779193 | K26: =SUM(K15:K25) -> 10481289 | L26: =SUM(L16:L25) -> 0
A27: ADMINISTRACION | F27: 0.27 | G27: =ROUND((F27*G$26),2) -> 8135597.8 | H27: =G27/G$31 -> 0.20454545 | I27: =$F$27*I$26 -> 1585267.7 | J27: =$F$27*J$26 -> 3720382.2 | K27: =$F$27*K$26 -> 2829947.9 | L27: =$F$27*L$26 -> 0
A28: IMPREVISTOS | F28: 0.02 | G28: =ROUND((F28*G$26),2) -> 602636.88 | H28: =G28/G$31 -> 0.015151515 | I28: =$F$28*I$26 -> 117427.24 | J28: =$F$28*J$26 -> 275583.87 | K28: =$F$28*K$26 -> 209625.77 | L28: =$F$28*L$26 -> 0
A29: UTILIDAD | F29: 0.03 | G29: =ROUND((F29*G$26),2) -> 903955.31 | H29: =G29/G$31 -> 0.022727273 | I29: =$F$29*I$26 -> 176140.86 | J29: =$F$29*J$26 -> 413375.8 | K29: =$F$29*K$26 -> 314438.66 | L29: =$F$29*L$26 -> 0
A30: TOTAL COSTO INDIRECTO OBRA | G30: =SUM(G27:G29) -> 9642190 | H30: =SUM(H27:H29) -> 0.24242424 | I30: =SUM(I27:I29) -> 1878835.8 | J30: =SUM(J27:J29) -> 4409341.9 | K30: =SUM(K27:K29) -> 3354012.3 | L30: =SUM(L27:L29) -> 0
A31: TOTAL OBRA | G31: =G30+G26 -> 39774034 | H31: =H26+H30 -> 1 | I31: =I26+I30 -> 7750197.7 | J31: =J26+J30 -> 18188535 | K31: =K26+K30 -> 13835301 | L31: =L26+L30 -> 0
B36: ING EDISON FIGUEROA ORTIZ | I36: =Presupuesto!E36 -> ARQ. GUILLERMO YAMID VALLEJOS BENAVIDES
B37: APOYO PROFESIONAL SPOPM | I37: =Presupuesto!E37 -> SECRETARIO DE PLANEACION Y OBRAS PUBLICAS
B38: MP 54202-356581 NTS | I38: =Presupuesto!E38 -> SAN MIGUEL - PUTUMAYO

Sheet DIAGRAMA DE GANTT
C1: SECRETARIA DE PLANEACIÓN Y OBRAS PÚBLICAS | G1: CODIGO | I1: 103
G2: SERIE Y SUBSERIE | I2: 51
C3: NIT. 800252922-2
C4: Modelo Integrado de Planeación y Gestión | G4: VERSIÓN | I4: 1
C5: PRESUPUESTO | G5: FECHA DEL FORMATO | I5: D/M/A
I6: 44216
A8: =Presupuesto!A8 -> ADECUACIÓN Y MANTENIMIENTO DE LA RAMPA DE ACCESO SOBRE LA VÍA QUE CONECTA EL PUENTE VEHICULAR UBICADO EN LA VEREDA JORDAN ORTIZ DEL MUNICIPIO DE SAN MIGUEL PUTUMAYO
A11: DIAGRAMA DE GANTT
I12: SEMANA 1 | J12: SEMANA 2 | K12: SEMANA 3 | L12: SEMANA 4
A13: ITEM | B13: DESCRIPCION | D13: UNIDAD | E13: CANTIDAD | F13: V/UNITARIO | G13: V/TOTAL | H13: %
A14: 1 | B14: =Presupuesto!B16 -> EXCAVACIONES VARIAS EN MATERIAL COMUN EN SECO A MANO
A15: =Presupuesto!A15 -> 1.1 | B15: =Presupuesto!B15 -> LOCALIZACION Y REPLANTEO | D15: =Presupuesto!D15 -> M2 | E15: =Presupuesto!$E$15 -> 83.2 | F15: =Presupuesto!F15 -> 3116.66 | G15: =ROUND(E15*F15,2) -> 259306.11 | H15: =G15/G31 -> 0.0065194823
A16: =Presupuesto!A16 -> 1.2 | B16: =Presupuesto!B16 -> EXCAVACIONES VARIAS EN MATERIAL COMUN EN SECO A MANO | D16: =Presupuesto!D16 -> M3 | E16: =Presupuesto!$E$16 -> 49.92 | F16: =Presupuesto!F16 -> 26308.34 | G16: =ROUND(E16*F16,2) -> 1313312.3 | H16: =G16/G31 -> 0.03301934
A17: =Presupuesto!A17 -> 1.3 | B17: =Presupuesto!B17 -> RELLENOS PARA ESTRUCTURAS, CON MATERIAL SELECCIONADO PRODUCTO DE LA EXCAVACION | D17: =Presupuesto!D17 -> M3 | E17: =Presupuesto!$E$17 -> 24.96 | F17: =Presupuesto!F17 -> 87866 | G17: =ROUND(E17*F17,2) -> 2193135.4 | H17: =G17/G31 -> 0.055139878
B19: =Presupuesto!B19 -> CONCRETOS Y ACEROS
A20: =Presupuesto!A20 -> 2.1 | B20: =Presupuesto!B20 -> SUMINISTRO, INSTALACION Y COMPACTACION DE MATERIAL TIPO BASE. | D20: =Presupuesto!D20 -> M3 | E20: =Presupuesto!$E$20 -> 29.12 | F20: =Presupuesto!F20 -> 156488.93 | G20: =ROUND(E20*F20,2) -> 4556957.6 | H20: =G20/G31 -> 0.11457117
A21: =Presupuesto!A21 -> 2.2 | B21: =Presupuesto!B21 -> SUMINISTRO E INSTALACION DE CONCRETO DE 3.000 PSI PARA ESTRUCTURAS DE PLACA HUELLA (INCLUYE JUNTAS DE EXPANSION, SELLADO Y CURADO) | D21: =Presupuesto!D21 -> M3 | E21: =Presupuesto!$E$21 -> 16.7 | F21: =Presupuesto!F21 -> 1244892.6 | G21: =ROUND(E21*F21,2) -> 20789706 | H21: =G21/G31 -> 0.52269545
A22: =Presupuesto!A22 -> 2.3 | B22: =Presupuesto!B22 -> ACERO DE REFUERZO PARA CUNETAS Y BORDILLOS. | D22: =Presupuesto!D22 -> Kg | E22: =Presupuesto!$E$22 -> 79.81 | F22: =Presupuesto!F22 -> 12773.16 | G22: =ROUND(E22*F22,2) -> 1019425.9 | H22: =G22/G31 -> 0.025630438
A26: TOTAL COSTO DIRECTO OBRA | G26: =SUM(G15:G24) -> 30131844 | H26: =SUM(H15:H25) -> 0.75757576 | I26: =SUM(I15:I25) -> 0 | J26: =SUM(J15:J25) -> 0 | K26: =SUM(K15:K25) -> 0 | L26: =SUM(L16:L25) -> 0
A27: ADMINISTRACION | F27: 0.27 | G27: =ROUND((F27*G$26),2) -> 8135597.8 | H27: =G27/G$31 -> 0.20454545 | I27: =$F$27*I$26 -> 0 | J27: =$F$27*J$26 -> 0 | K27: =$F$27*K$26 -> 0 | L27: =$F$27*L$26 -> 0
A28: IMPREVISTOS | F28: 0.02 | G28: =ROUND((F28*G$26),2) -> 602636.88 | H28: =G28/G$31 -> 0.015151515 | I28: =$F$28*I$26 -> 0 | J28: =$F$28*J$26 -> 0 | K28: =$F$28*K$26 -> 0 | L28: =$F$28*L$26 -> 0
A29: UTILIDAD | F29: 0.03 | G29: =ROUND((F29*G$26),2) -> 903955.31 | H29: =G29/G$31 -> 0.022727273 | I29: =$F$29*I$26 -> 0 | J29: =$F$29*J$26 -> 0 | K29: =$F$29*K$26 -> 0 | L29: =$F$29*L$26 -> 0
A30: TOTAL COSTO INDIRECTO OBRA | G30: =SUM(G27:G29) -> 9642190 | H30: =SUM(H27:H29) -> 0.24242424 | I30: =SUM(I27:I29) -> 0 | J30: =SUM(J27:J29) -> 0 | K30: =SUM(K27:K29) -> 0 | L30: =SUM(L27:L29) -> 0
A31: TOTAL OBRA | G31: =G30+G26 -> 39774034 | H31: =H26+H30 -> 1 | I31: =I26+I30 -> 0 | J31: =J26+J30 -> 0 | K31: =K26+K30 -> 0 | L31: =L26+L30 -> 0
B36: ING EDISON FIGUEROA ORTIZ | I36: =Presupuesto!E36 -> ARQ. GUILLERMO YAMID VALLEJOS BENAVIDES
B37: APOYO PROFESIONAL SPOPM | I37: =Presupuesto!E37 -> SECRETARIO DE PLANEACION Y OBRAS PUBLICAS
B38: MP 54202-356581 NTS | I38: =Presupuesto!E38 -> SAN MIGUEL - PUTUMAYO

Sheet DESGLOSE AIU
B1: SECRETARIA DE PLANEACIÓN Y OBRA PÚBLICAS | D1: CÓDIGO | E1: 103
D2: SERIE Y SUBSERIE | E2: 51
B3: NIT. 800252922-2
B4: Modelo Integrado de Planeación y Gestión | D4: VERSIÓN | E4: 1
B5: PRESUPUESTO | D5: FECHA DEL FORMATO | E5: D/M/A
E6: 44216
A8: =Presupuesto!A8 -> ADECUACIÓN Y MANTENIMIENTO DE LA RAMPA DE ACCESO SOBRE LA VÍA QUE CONECTA EL PUENTE VEHICULAR UBICADO EN LA VEREDA JORDAN ORTIZ DEL MUNICIPIO DE SAN MIGUEL PUTUMAYO
A11: DESGLOCE A.I.U
A13: SALARIO PERSONAL ADMINISTRATIVO DE OBRA
A14: PERSONAL | B14: SUELDO BASICO | C14: FACTOR PRESTACIONAL | E14: SUELDO + PRESTACIONES
A15: Tecnico tecnologo o ingeniero | B15: 2000000 | C15: 1.75 | E15: =B15*C15 -> 3500000
A16: 1. ADMINISTRACION
A17: 1.1. PERSONAL ADMINISTRATIVO DE OBRA | B17: SUELDO + PRESTACIONES | C17: DEDICACION | D17: MESES | E17: VALOR PARCIAL | F17: % SOBRE COSTO DIRECTO
A18: Residente de Obra | B18: =E15 -> 3500000 | C18: 0.6 | D18: 1 | E18: =ROUND((B18*C18*D18),0) -> 2100000 | F18: =E18/E54 -> 0.069693711
A19: 1.2. COSTOS DEL PROCESO
A20: Polizas y legalizacion del contrato | E20: 350000 | F20: =E20/E54 -> 0.011615618
A21: 1.3. GASTOS DE OBRA
A22: Edicion de informes Fotografias | E22: 150000 | F22: =E22/E54 -> 0.0049781222
A23: Seguridad Industrial | E23: 262525.16 | F23: =E23/E54 -> 0.0087125488
A24: 1.3 IMPUESTOS DE OBRA
A25: Retefuente | E25: =G25*Presupuesto!$G$25 -> 602636.88 | F25: =E25/$E$54 -> 0.02 | G25: 0.02
A26: Impuesto de Timbre nacional (Decreto 175 de 2025) | E26: =G26*Presupuesto!$G$25 -> 301318.44 | F26: =E26/$E$54 -> 0.01 | G26: 0.01
A27: Servicios (reteica) contratos de obra, y consultorias | E27: =G27*Presupuesto!$G$25 -> 301318.44 | F27: =E27/$E$54 -> 0.01 | G27: 0.01
A28: Contribucion ciudadana | E28: =G28*Presupuesto!$G$25 -> 1506592.2 | F28: =E28/$E$54 -> 0.05 | G28: 0.05
A29: ESTAMPILLAS
A30: Estampilla para el bienestar del adulto mayor | E30: =G30*Presupuesto!$G$25 -> 1205273.8 | F30: =E30/$E$54 -> 0.04 | G30: 0.04
A31: estampilla procultura | E31: =G31*Presupuesto!$G$25 -> 602636.88 | F31: =E31/$E$54 -> 0.02 | G31: 0.02
A32: estampilla para justicia | E32: =G32*Presupuesto!$G$25 -> 602636.88 | F32: =E32/$E$54 -> 0.02 | G32: 0.02
A33: tasa prodeporte contrato de menor cuantia desde 28 a 280 SLMV | E33: =G33*Presupuesto!$G$25 -> 150659.22 | F33: =E33/$E$54 -> 0.005 | G33: 0.005
A35: TOTAL ADMINISTRACION | E35: =ROUND(SUM(E18:E33),2) -> 8135597.8 | F35: =SUM(F18:F33) -> 0.27 | G35: =H50 -> 8135597.8 | H35: =G35-E35 -> 0
A37: 2. IMPREVISTOS
A38: DESCRIPCION | D38: VALOR PARCIAL | F38: PORCENTAJE
A39: IMPREVISTOS | D39: =ROUND((F39*E54),2) -> 602636.88 | F39: 0.02
A40: TOTAL UTILIDAD | D40: =D39 -> 602636.88 | F40: =SUM(F39) -> 0.02
A42: 3. UTILIDAD
A43: DESCRIPCION | D43: VALOR PARCIAL | F43: PORCENTAJE
A44: UTILIDAD | D44: =ROUND((F44*E54),2) -> 903955.31 | F44: 0.03
A45: TOTAL UTILIDAD | D45: =D44 -> 903955.31 | F45: =SUM(F44) -> 0.03
A47: TOTAL COSTO DIRECTO A.I.U
A48: RESUMEN
A49: DESCRIPCION | D49: VALOR PARCIAL | F49: PORCENTAJE | G49: total obra
A50: ADMINISTRACION | D50: =E35 -> 8135597.8 | F50: 0.27 | G50: A | H50: 8135597.8
A51: IMPREVISTOS | D51: =ROUND((F51*E54),2) -> 602636.88 | F51: 0.02 | G51: I | H51: 602636.88
A52: UTILIDAD | D52: =ROUND((F52*E54),2) -> 903955.31 | F52: 0.03 | G52: U | H52: 903955.31
A53: TOTAL | D53: =SUM(D50:E52) -> 9642190 | F53: =SUM(F50:F52) -> 0.32 | G53: tot AIU | H53: =SUM(H50:H52) -> 9642190
A54: COSTO DIRECTO | E54: =Presupuesto!G25 -> 30131844
A55: COSTO INDIRECTO (32%) | E55: =D53 -> 9642190
A56: SUBTOTAL | E56: =E54+E55 -> 39774034
A60: ='CRONOGRAMA--'!B36 -> ING EDISON FIGUEROA ORTIZ | E60: =Presupuesto!E36 -> ARQ. GUILLERMO YAMID VALLEJOS BENAVIDES
A61: ='CRONOGRAMA--'!B37 -> APOYO PROFESIONAL SPOPM | E61: =Presupuesto!E37 -> SECRETARIO DE PLANEACION Y OBRAS PUBLICAS
A62: ='CRONOGRAMA--'!B38 -> MP 54202-356581 NTS | E62: =Presupuesto!E38 -> SAN MIGUEL - PUTUMAYO

Sheet BASICOS RURAL
B2: SECRETARIA DE PLANEACIÓN Y OBRA PÚBLICAS | E2: CÓDIGO | G2: 103
E3: SERIE Y SUBSERIE | G3: 51
B4: NIT. 800252922-2
B5: Modelo Integrado de Planeación y Gestión | E5: VERSIÓN | G5: 1
B6: PRESUPUESTO | E6: FECHA DEL FORMATO | G6: D/M/A
G7: 44216
A8: =Presupuesto!A8 -> ADECUACIÓN Y MANTENIMIENTO DE LA RAMPA DE ACCESO SOBRE LA VÍA QUE CONECTA EL PUENTE VEHICULAR UBICADO EN LA VEREDA JORDAN ORTIZ DEL MUNICIPIO DE SAN MIGUEL PUTUMAYO
A13: BASICOS ZONA RURAL
A14: ANALISIS DE PRECIOS UNITARIOS
A16: BASICO I | B16: CONCRETO 3000 PSI | G16: Unidad: | H16: M3
A18: I | B18: HERRAMIENTA Y EQUIPO
B19: DESCRIPCIÓN | D19: Unidad | E19: Tarifa/Día | F19: Rend | G19: V. Unitario. | I19: ALQUILER EQUIPOS
B20: Mezcladora | D20: Hora | E20: =M20 -> 15000 | F20: 3.5 | G20: =E20*F20 -> 52500 | I20: TROMPO | J20: capa 2 bultos dia | L20: 120000 | M20: =L20/8 -> 15000
B21: Vibrador | D21: Hora | E21: =M21 -> 12500 | F21: 3.5 | G21: =E21*F21 -> 43750 | I21: VIBRO | J21: alquiler dia | L21: 100000 | M21: =L21/8 -> 12500
E22: SUBTOTAL. | H22: =ROUND(SUM(G20:G21),0) -> 96250
A23: II | B23: MATERIALES EN OBRA. | I23: COSTOS PUESTO EN ZONA RURAL DISPERSA
B24: DESCRIPCIÓN | D24: Unidad | E24: Cant. | F24: Precio Unit. | G24: V. Unitario. | I24: CEMENTO | J24: bulto 50Kg, con transpr | L24: 40000 | M24: =L24/50 -> 800
B25: CEMENTO GRIS TIPO 1 | D25: KG | E25: 380 | F25: =M24 -> 800 | G25: =+F25*E25 -> 304000 | I25: ARENA | J25: viaje de volqueta 5 M3 | L25: 800000 | M25: =L25/5 -> 160000
B26: AGUA | D26: LTS | E26: 210 | F26: 180 | G26: =+F26*E26 -> 37800 | I26: TRITURADO | J26: viaje de volqueta 5 M3 | L26: 1625000 | M26: =L26/5 -> 325000
B27: ARENA DE RIO | D27: M3 | E27: 0.6 | F27: =M25 -> 160000 | G27: =+F27*E27 -> 96000
B28: TRITURADO | D28: M3 | E28: 0.76 | F28: =M26 -> 325000 | G28: =+F28*E28 -> 247000
E29: SUBTOTAL | H29: =(SUM(G25:G28)) -> 684800
A30: III | B30: MANO DE OBRA.
B31: DESCRIPCIÓN | C31: H-H | D31: Prestac | E31: Cant. | F31: Rend. | G31: V. Unitario.
E33: SUBTOTAL | H33: =SUM(G32) -> 0
A34: IV | B34: TRANSPORTE
B35: DESCRIPCIÓN | C35: Unidad | D35: Cantidad | E35: Prec.Unitario | G35: Vr. Unitario
E37: SUBTOTAL | H37: =SUM(G36) -> 0
D39: TOTAL COSTOS DIRECTOS. | H39: =ROUND(SUM(H22:H38),0) -> 781050
A40: V | B40: COSTOS INDIRECTOS.
B41: DESCRIPCIÓN | C41: % | D41: COSTO DIRECTO | F41: V. UNITARIO
B42: ADMINISTRACIÓN | C42: 0.1 | G42: =+H39*C42 -> 78105
B43: IMPREVISTOS | C43: 0.02 | G43: =+H39*C43 -> 15621
D44: TOTAL COSTOS INDIRECTOS | H44: =SUM(G42:G43) -> 93726
D46: TOTAL PRECIO UNITARIO. | H46: =ROUND((H39+H44),0) -> 874776
A51: =Presupuesto!B36 -> ING EDISON FIGUEROA ORTIZ | E51: =Presupuesto!E36 -> ARQ. GUILLERMO YAMID VALLEJOS BENAVIDES
A52: =Presupuesto!B37 -> APOYO PROFESIONAL SPOPM | E52: =Presupuesto!E37 -> SECRETARIO DE PLANEACION Y OBRAS PUBLICAS
A53: =Presupuesto!B38 -> MP 54202-356581 NTS | E53: =Presupuesto!E38 -> SAN MIGUEL - PUTUMAYO
B55: SECRETARIA DE PLANEACIÓN Y OBRA PÚBLICAS | E55: CÓDIGO | G55: 103
E56: SERIE Y SUBSERIE | G56: 51
B57: NIT. 800252922-2
B58: Modelo Integrado de Planeación y Gestión | E58: VERSIÓN | G58: 1
B59: PRESUPUESTO | E59: FECHA DEL FORMATO | G59: D/M/A
G60: 44216
A61: =Presupuesto!A8 -> ADECUACIÓN Y MANTENIMIENTO DE LA RAMPA DE ACCESO SOBRE LA VÍA QUE CONECTA EL PUENTE VEHICULAR UBICADO EN LA VEREDA JORDAN ORTIZ DEL MUNICIPIO DE SAN MIGUEL PUTUMAYO
A66: BASICOS ZONA RURAL
A67: ANALISIS DE PRECIOS UNITARIOS
A69: BASICO I | B69: CONCRETO 3000 PSI | G69: Unidad: | H69: M3
A71: I | B71: HERRAMIENTA Y EQUIPO
B72: DESCRIPCIÓN | D72: Unidad | E72: Tarifa/Día | F72: Rend | G72: V. Unitario. | I72: ALQUILER EQUIPOS
B73: Mezcladora | D73: Hora | E73: =M73 -> 15000 | F73: 3.5 | G73: =E73*F73 -> 52500 | I73: TROMPO | J73: capa 2 bultos dia | L73: 120000 | M73: =L73/8 -> 15000
B74: Vibrador | D74: Hora | E74: =M74 -> 12500 | F74: 3.5 | G74: =E74*F74 -> 43750 | I74: VIBRO | J74: alquiler dia | L74: 100000 | M74: =L74/8 -> 12500
E75: SUBTOTAL. | H75: =ROUND(SUM(G73:G74),0) -> 96250
A76: II | B76: MATERIALES EN OBRA. | I76: COSTOS PUESTO EN ZONA RURAL DISPERSA
B77: DESCRIPCIÓN | D77: Unidad | E77: Cant. | F77: Precio Unit. | G77: V. Unitario. | I77: CEMENTO | J77: bulto 50Kg, con transpr | L77: 40000 | M77: =L77/50 -> 800
B78: CEMENTO GRIS TIPO 1 | D78: KG | E78: 350 | F78: =M77 -> 800 | G78: =+F78*E78 -> 280000 | I78: ARENA | J78: viaje de volqueta 5 M3 | L78: 800000 | M78: =L78/5 -> 160000
B79: AGUA | D79: LTS | E79: 210 | F79: 180 | G79: =+F79*E79 -> 37800 | I79: TRITURADO | J79: viaje de volqueta 5 M3 | L79: 1625000 | M79: =L79/5 -> 325000
B80: ARENA DE RIO | D80: M3 | E80: 0.56 | F80: =M78 -> 160000 | G80: =+F80*E80 -> 89600
B81: TRITURADO | D81: M3 | E81: 0.84 | F81: =M79 -> 325000 | G81: =+F81*E81 -> 273000
E82: SUBTOTAL | H82: =(SUM(G78:G81)) -> 680400
A83: III | B83: MANO DE OBRA.
B84: DESCRIPCIÓN | C84: H-H | D84: Prestac | E84: Cant. | F84: Rend. | G84: V. Unitario.
E86: SUBTOTAL | H86: =SUM(G85) -> 0
A87: IV | B87: TRANSPORTE
B88: DESCRIPCIÓN | C88: Unidad | D88: Cantidad | E88: Prec.Unitario | G88: Vr. Unitario
E90: SUBTOTAL | H90: =SUM(G89) -> 0
D92: TOTAL COSTOS DIRECTOS. | H92: =ROUND(SUM(H75:H91),0) -> 776650
A93: V | B93: COSTOS INDIRECTOS.
B94: DESCRIPCIÓN | C94: % | D94: COSTO DIRECTO | F94: V. UNITARIO
B95: ADMINISTRACIÓN | C95: 0.1 | G95: =+H92*C95 -> 77665
B96: IMPREVISTOS | C96: 0.02 | G96: =+H92*C96 -> 15533
D97: TOTAL COSTOS INDIRECTOS | H97: =SUM(G95:G96) -> 93198
D99: TOTAL PRECIO UNITARIO. | H99: =ROUND((H92+H97),0) -> 869848
A104: =A51 -> ING EDISON FIGUEROA ORTIZ | E104: =E51 -> ARQ. GUILLERMO YAMID VALLEJOS BENAVIDES
A105: =A52 -> APOYO PROFESIONAL SPOPM | E105: =E52 -> SECRETARIO DE PLANEACION Y OBRAS PUBLICAS
A106: =A53 -> MP 54202-356581 NTS | E106: =E53 -> SAN MIGUEL - PUTUMAYO
B107: SECRETARIA DE PLANEACIÓN Y OBRA PÚBLICAS | E107: CÓDIGO | G107: 103
E108: SERIE Y SUBSERIE | G108: 51
B109: NIT. 800252922-2
B110: Modelo Integrado de Planeación y Gestión | E110: VERSIÓN | G110: 1
B111: PRESUPUESTO | E111: FECHA DEL FORMATO | G111: D/M/A
G112: 44216
A113: =Presupuesto!A8 -> ADECUACIÓN Y MANTENIMIENTO DE LA RAMPA DE ACCESO SOBRE LA VÍA QUE CONECTA EL PUENTE VEHICULAR UBICADO EN LA VEREDA JORDAN ORTIZ DEL MUNICIPIO DE SAN MIGUEL PUTUMAYO
A117: ANALISIS DE PRECIOS UNITARIOS
A119: BASICO II | B119: MORTERO 1:3 | G119: Unidad: | H119: M3
A121: I | B121: HERRAMIENTA Y EQUIPO
B122: DESCRIPCIÓN | D122: Unidad | E122: Tarifa/Día | F122: Rend | G122: V. Unitario. | I122: ALQUILER EQUIPOS
I123: TROMPO | J123: capa 2 bultos dia | L123: 120000 | M123: =L123/8 -> 15000
I124: VIBRO | J124: alquiler dia | L124: 100000 | M124: =L124/8 -> 12500
E125: SUBTOTAL. | H125: =ROUND(SUM(G123:G124),0) -> 0
A126: II | B126: MATERIALES EN OBRA. | I126: COSTOS PUESTO EN ZONA RURAL DISPERSA
B127: DESCRIPCIÓN | D127: Unidad | E127: Cant. | F127: Precio Unit. | G127: V. Unitario. | I127: CEMENTO | J127: bulto 50Kg, con transpr | L127: 40000 | M127: =L127/50 -> 800
B128: CEMENTO GRIS TIPO 1 | D128: KG | E128: 450 | F128: =M127 -> 800 | G128: =+F128*E128 -> 360000 | I128: ARENA | J128: viaje de volqueta 5 M3 | L128: 800000 | M128: =L128/5 -> 160000
B129: AGUA | D129: LTS | E129: 260 | F129: 180 | G129: =+F129*E129 -> 46800 | I129: TRITURADO | J129: viaje de volqueta 5 M3 | L129: 1625000 | M129: =L129/5 -> 325000
B130: ARENA DE RIO | D130: M3 | E130: 1.08 | F130: =M128 -> 160000 | G130: =+F130*E130 -> 172800
E132: SUBTOTAL | H132: =(SUM(G128:G131)) -> 579600
A133: III | B133: MANO DE OBRA.
B134: DESCRIPCIÓN | C134: H-H | D134: Prestac | E134: Cant. | F134: Rend. | G134: V. Unitario.
E136: SUBTOTAL | H136: =SUM(G135) -> 0
A137: IV | B137: TRANSPORTE
...

Sheet BASICOS URBANOS
B1: SECRETARIA DE PLANEACIÓN Y OBRA PÚBLICAS | E1: CÓDIGO | G1: 103
E2: SERIE Y SUBSERIE | G2: 51
B3: NIT. 800252922-2
B4: Modelo Integrado de Planeación y Gestión | E4: VERSIÓN | G4: 1
B5: PRESUPUESTO | E5: FECHA DEL FORMATO | G5: D/M/A
G6: 44216
A7: =Presupuesto!A8 -> ADECUACIÓN Y MANTENIMIENTO DE LA RAMPA DE ACCESO SOBRE LA VÍA QUE CONECTA EL PUENTE VEHICULAR UBICADO EN LA VEREDA JORDAN ORTIZ DEL MUNICIPIO DE SAN MIGUEL PUTUMAYO
A12: BASICOS ZONA URBANO
A13: ANALISIS DE PRECIOS UNITARIOS
A15: BASICO I | B15: CONCRETO 3000 PSI | G15: Unidad: | H15: M3
A17: I | B17: HERRAMIENTA Y EQUIPO
B18: DESCRIPCIÓN | D18: Unidad | E18: Tarifa/Día | F18: Rend | G18: V. Unitario. | I18: ALQUILER EQUIPOS
B19: Mezcladora | D19: Hora | E19: =M19 -> 15000 | F19: 3.5 | G19: =E19*F19 -> 52500 | I19: TROMPO | J19: capa 2 bultos dia | L19: 120000 | M19: =L19/8 -> 15000
B20: Vibrador | D20: Hora | E20: =M20 -> 12500 | F20: 3.5 | G20: =E20*F20 -> 43750 | I20: VIBRO | J20: alquiler dia | L20: 100000 | M20: =L20/8 -> 12500
E21: SUBTOTAL. | H21: =ROUND(SUM(G19:G20),0) -> 96250
A22: II | B22: MATERIALES EN OBRA. | I22: COSTOS PUESTO EN ZONA RURAL DISPERSA
B23: DESCRIPCIÓN | D23: Unidad | E23: Cant. | F23: Precio Unit. | G23: V. Unitario. | I23: CEMENTO | J23: bulto 50Kg, con transpr | L23: 38000 | M23: =L23/50 -> 760
B24: CEMENTO GRIS TIPO 1 | D24: KG | E24: 350 | F24: =M23 -> 760 | G24: =+F24*E24 -> 266000 | I24: ARENA | J24: viaje de volqueta 6 M3 | L24: 300000 | M24: =L24/6 -> 50000
B25: AGUA | D25: LTS | E25: 210 | F25: 180 | G25: =+F25*E25 -> 37800 | I25: TRITURADO | J25: viaje de volqueta 6 M3 | L25: 1500000 | M25: =L25/6 -> 250000
B26: ARENA DE RIO | D26: M3 | E26: 0.56 | F26: =M24 -> 50000 | G26: =+F26*E26 -> 28000
B27: TRITURADO | D27: M3 | E27: 0.84 | F27: =M25 -> 250000 | G27: =+F27*E27 -> 210000
E28: SUBTOTAL | H28: =(SUM(G24:G27)) -> 541800
A29: III | B29: MANO DE OBRA.
B30: DESCRIPCIÓN | C30: H-H | D30: Prestac | E30: Cant. | F30: Rend. | G30: V. Unitario.
E32: SUBTOTAL | H32: =SUM(G31) -> 0
A33: IV | B33: TRANSPORTE
B34: DESCRIPCIÓN | C34: Unidad | D34: Cantidad | E34: Prec.Unitario | G34: Vr. Unitario
E36: SUBTOTAL | H36: =SUM(G35) -> 0
D38: TOTAL COSTOS DIRECTOS. | H38: =ROUND(SUM(H21:H37),0) -> 638050
A39: V | B39: COSTOS INDIRECTOS.
B40: DESCRIPCIÓN | C40: % | D40: COSTO DIRECTO | F40: V. UNITARIO
B41: ADMINISTRACIÓN | C41: 0.1 | G41: =+H38*C41 -> 63805
B42: IMPREVISTOS | C42: 0.02 | G42: =+H38*C42 -> 12761
D43: TOTAL COSTOS INDIRECTOS | H43: =SUM(G41:G42) -> 76566
D45: TOTAL PRECIO UNITARIO. | H45: =ROUND((H38+H43),0) -> 714616
A50: =Presupuesto!#REF! -> #REF!
A51: =Presupuesto!#REF! -> #REF!
A52: =Presupuesto!#REF! -> #REF!
B53: SECRETARIA DE PLANEACIÓN Y OBRA PÚBLICAS | E53: CÓDIGO | G53: 103
E54: SERIE Y SUBSERIE | G54: 51
B55: NIT. 800252922-2
B56: Modelo Integrado de Planeación y Gestión | E56: VERSIÓN | G56: 1
B57: PRESUPUESTO | E57: FECHA DEL FORMATO | G57: D/M/A
G58: 44216
A59: =Presupuesto!A8 -> ADECUACIÓN Y MANTENIMIENTO DE LA RAMPA DE ACCESO SOBRE LA VÍA QUE CONECTA EL PUENTE VEHICULAR UBICADO EN LA VEREDA JORDAN ORTIZ DEL MUNICIPIO DE SAN MIGUEL PUTUMAYO
A63: ANALISIS DE PRECIOS UNITARIOS
A65: BASICO II | B65: MORTERO 1:3 | G65: Unidad: | H65: M3
A67: I | B67: HERRAMIENTA Y EQUIPO
B68: DESCRIPCIÓN | D68: Unidad | E68: Tarifa/Día | F68: Rend | G68: V. Unitario. | I68: ALQUILER EQUIPOS
I69: TROMPO | J69: capa 2 bultos dia | L69: 120000 | M69: =L69/8 -> 15000
I70: VIBRO | J70: alquiler dia | L70: 100000 | M70: =L70/8 -> 12500
E71: SUBTOTAL. | H71: =ROUND(SUM(G69:G70),0) -> 0
A72: II | B72: MATERIALES EN OBRA. | I72: COSTOS PUESTO EN ZONA RURAL DISPERSA
B73: DESCRIPCIÓN | D73: Unidad | E73: Cant. | F73: Precio Unit. | G73: V. Unitario. | I73: CEMENTO | J73: bulto 50Kg, con transpr | L73: 38000 | M73: =L73/50 -> 760
B74: CEMENTO GRIS TIPO 1 | D74: KG | E74: 450 | F74: =M73 -> 760 | G74: =+F74*E74 -> 342000 | I74: ARENA | J74: viaje de volqueta 6 M3 | L74: 300000 | M74: =L74/6 -> 50000
B75: AGUA | D75: LTS | E75: 260 | F75: 180 | G75: =+F75*E75 -> 46800 | I75: TRITURADO | J75: viaje de volqueta 6 M3 | L75: 1500000 | M75: =L75/6 -> 250000
B76: ARENA DE RIO | D76: M3 | E76: 1.08 | F76: =M74 -> 50000 | G76: =+F76*E76 -> 54000
E78: SUBTOTAL | H78: =(SUM(G74:G77)) -> 442800
A79: III | B79: MANO DE OBRA.
B80: DESCRIPCIÓN | C80: H-H | D80: Prestac | E80: Cant. | F80: Rend. | G80: V. Unitario.
E82: SUBTOTAL | H82: =SUM(G81) -> 0
A83: IV | B83: TRANSPORTE
B84: DESCRIPCIÓN | C84: Unidad | D84: Cantidad | E84: Prec.Unitario | G84: Vr. Unitario
E86: SUBTOTAL | H86: =SUM(G85) -> 0
D88: TOTAL COSTOS DIRECTOS. | H88: =ROUND(SUM(H71:H87),0) -> 442800
A89: V | B89: COSTOS INDIRECTOS.
B90: DESCRIPCIÓN | C90: % | D90: COSTO DIRECTO | F90: V. UNITARIO
B91: ADMINISTRACIÓN | C91: 0.1 | G91: =+H88*C91 -> 44280
B92: IMPREVISTOS | C92: 0.02 | G92: =+H88*C92 -> 8856
D93: TOTAL COSTOS INDIRECTOS | H93: =SUM(G91:G92) -> 53136
D95: TOTAL PRECIO UNITARIO. | H95: =ROUND((H88+H93),0) -> 495936
A100: =Presupuesto!#REF! -> #REF!
A101: =Presupuesto!#REF! -> #REF!
A102: =Presupuesto!#REF! -> #REF!
B103: SECRETARIA DE PLANEACIÓN Y OBRA PÚBLICAS | E103: CÓDIGO | G103: 103
E104: SERIE Y SUBSERIE | G104: 51
B105: NIT. 800252922-2
B106: Modelo Integrado de Planeación y Gestión | E106: VERSIÓN | G106: 1
B107: PRESUPUESTO | E107: FECHA DEL FORMATO | G107: D/M/A
G108: 44216
A110: =Presupuesto!A8 -> ADECUACIÓN Y MANTENIMIENTO DE LA RAMPA DE ACCESO SOBRE LA VÍA QUE CONECTA EL PUENTE VEHICULAR UBICADO EN LA VEREDA JORDAN ORTIZ DEL MUNICIPIO DE SAN MIGUEL PUTUMAYO
A114: ANALISIS DE PRECIOS UNITARIOS
A116: BASICO III | B116: CONCRETO 2500 PSI | G116: Unidad: | H116: M3
A118: I | B118: HERRAMIENTA Y EQUIPO
B119: DESCRIPCIÓN | D119: Unidad | E119: Tarifa/Día | F119: Rend | G119: V. Unitario. | I119: ALQUILER EQUIPOS
B120: Mezcladora | D120: Hora | E120: =M120 -> 15000 | F120: 3.5 | G120: =E120*F120 -> 52500 | I120: TROMPO | J120: capa 2 bultos dia | L120: 120000 | M120: =L120/8 -> 15000
B121: Vibrador | D121: Hora | E121: =M121 -> 12500 | F121: 3.5 | G121: =E121*F121 -> 43750 | I121: VIBRO | J121: alquiler dia | L121: 100000 | M121: =L121/8 -> 12500
E122: SUBTOTAL. | H122: =ROUND(SUM(G120:G121),0) -> 96250
A123: II | B123: MATERIALES EN OBRA.
B124: DESCRIPCIÓN | D124: Unidad | E124: Cant. | F124: Precio Unit. | G124: V. Unitario. | I124: COSTOS PUESTO EN ZONA RURAL DISPERSA
B125: CEMENTO GRIS TIPO 1 | D125: KG | E125: 300 | F125: =M125 -> 760 | G125: =+F125*E125 -> 228000 | I125: CEMENTO | J125: bulto 50Kg, con transpr | L125: 38000 | M125: =L125/50 -> 760
B126: AGUA | D126: LTS | E126: 210 | F126: 180 | G126: =+F126*E126 -> 37800 | I126: ARENA | J126: viaje de volqueta 6 M3 | L126: 300000 | M126: =L126/6 -> 50000
B127: ARENA DE RIO | D127: M3 | E127: 0.48 | F127: =M126 -> 50000 | G127: =+F127*E127 -> 24000 | I127: TRITURADO | J127: viaje de volqueta 6 M3 | L127: 1500000 | M127: =L127/6 -> 250000
B128: TRITURADO | D128: M3 | E128: 0.96 | F128: =M127 -> 250000 | G128: =+F128*E128 -> 240000
E129: SUBTOTAL | H129: =(SUM(G125:G128)) -> 529800
A130: III | B130: MANO DE OBRA.
B131: DESCRIPCIÓN | C131: H-H | D131: Prestac | E131: Cant. | F131: Rend. | G131: V. Unitario.
E133: SUBTOTAL | H133: =SUM(G132) -> 0
A134: IV | B134: TRANSPORTE
B135: DESCRIPCIÓN | C135: Unidad | D135: Cantidad | E135: Prec.Unitario | G135: Vr. Unitario
...
